[Event "Titled Tuesday Blitz March 07 Early 2023"]
[White "Hernandez Gonzalez, William"]
[Black "Girsh, Daniel"]
[WhiteFideId "3509915"]
[BlackFideId "30949190"]
[WhiteElo "2374"]
[BlackElo "2075"]
[Result "1/2-1/2"]
[Round "02"]
[TimeControl "180+2"]
[Date "2023.03.07"]
[WhiteClock "0:00:10"]
[BlackClock "0:00:12"]

1. e4 e5 2. Nf3 Nc6 3. Bc4 Nf6 4. Ng5 d5 5. exd5 Na5 6. Bb5+ c6 7. dxc6 bxc6 8. Qf3 Bb7 9. Bd3 Bd6 10. O-O h6 11. Ne4 Nxe4 12. Bxe4 O-O 13. d3 f5 14. Bxf5 Bc8 15. g4 g6 16. Bxh6 Rf7 17. Kh1 gxf5 18. gxf5 Qh4 19. Bg5 Qh7 20. f6 e4 21. Qg2 Bh3 22. Qg1 Qf5 23. Nd2 exd3 24. Bf4+ Kh7 25. Bxd6 Qd5+ 26. f3 Qxd6 27. Ne4 Qd5 28. Ng5+ Kh8 29. Nxh3 Rxf6 30. Qg4 Qe6 31. Qxe6 Rxe6 32. cxd3 Rd8 33. Rf2 Re3 34. Ng5 Rdxd3 35. Rg1 Nc4 36. Rfg2 Re7 37. Rg4 Ne3 38. Rh4+ Kg8 39. Ne6+ Kf7 40. Nf4 Rd4 41. Rh7+ Ke8 42. Rg8+ Kd7 43. Rxe7+ Kxe7 44. Nh5 Rd2 45. b4 Rxa2 46. h4 Rb2 47. Ng3 Rxb4 48. h5 Rh4+ 49. Kg1 Kf7 50. Rg5 Nd5 51. Kf2 a5 52. Rg4 Rxg4 53. fxg4 a4 54. Ne4 a3 55. Nd2 a2 56. Nb3 Kf6 57. Kf3 Kg5 58. Ke4 Nf6+ 59. Kf3 Nxg4 60. Ke4 Kxh5 61. Kd4 Nf2 62. Kc5 Kg4 63. Kxc6 Kf4 64. Kb5 Ke3 65. Ka4 Kd3 66. Ka3 Kc3 67. Kxa2 1/2-1/2


[Site "https://www.chess.com"]

[Event "Titled Tuesday Blitz March 07 Early 2023"]
[White "Seo, Jung Min"]
[Black "Pourkashiyan, Atousa"]
[WhiteFideId "1734687"]
[BlackFideId "12502014"]
[WhiteElo "2468"]
[BlackElo "2228"]
[Result "0-1"]
[Round "02"]
[TimeControl "180+2"]
[Date "2023.03.07"]
[WhiteClock "0:00:53"]
[BlackClock "0:00:08"]

1. b3 e5 2. Bb2 Nc6 3. e3 Nf6 4. Bb5 Bd6 5. Na3 O-O 6. Nc4 Qe7 7. Nxd6 Qxd6 8. Nf3 Re8 9. O-O a6 10. Be2 b5 11. d4 exd4 12. Nxd4 Nxd4 13. Qxd4 Qxd4 14. Bxd4 Ne4 15. f3 Nf6 16. a4 b4 17. Rad1 d6 18. e4 Bb7 19. Bc4 d5 20. exd5 Nxd5 21. Rfe1 a5 22. Kf2 Bc6 23. Bb2 Nf4 24. Be5 Ne6 25. Bxe6 Rxe6 26. Bxc7 Rxe1 27. Rxe1 f6 28. Re6 Bd5 29. Rd6 Rc8 30. Rxd5 Rxc7 31. Rd2 Kf7 32. Ke2 Ke6 33. Kd1 Rc5 34. Rd4 g5 35. Kd2 h5 36. h3 Ke5 37. Rd8 Kf4 38. Rf8 Rd5+ 39. Ke2 Re5+ 40. Kd3 Rc5 41. Rxf6+ Kg3 42. Rh6 h4 43. Rg6 Kxg2 44. f4 Kxh3 45. Rxg5 Rc3+ 46. Kd2 Rg3 47. Rxa5 Kg2 48. Rh5 h3 49. f5 h2 50. Rxh2+ Kxh2 51. f6 Rf3 52. f7 Rxf7 53. Kd3 Rc7 54. a5 Kg3 55. a6 Kf4 56. Kd4 Kf5 57. a7 Rxa7 0-1


[Site "https://www.chess.com"]

[Event "Titled Tuesday Blitz March 07 Early 2023"]
[White "Mushini Ajay"]
[Black "Orlov, Georgi"]
[WhiteFideId "35066188"]
[BlackFideId "2011271"]
[WhiteElo "2145"]
[BlackElo "2640"]
[Result "0-1"]
[Round "02"]
[TimeControl "180+2"]
[Date "2023.03.07"]
[WhiteClock "0:00:48"]
[BlackClock "0:01:14"]

1. e4 e6 2. d4 d5 3. Nd2 Be7 4. Bd3 c5 5. dxc5 Nf6 6. exd5 Qxd5 7. Ngf3 Bxc5 8. O-O Nc6 9. Qe2 Nb4 10. Ne4 Nxd3 11. Nxf6+ gxf6 12. cxd3 b6 13. d4 Bd6 14. Bh6 Bb7 15. Rfe1 Rg8 16. Kf1 a5 17. Rad1 Ba6 18. Rd3 Bxh2 19. Red1 Bd6 20. Qe3 Rc8 21. Kg1 Bxd3 22. Qxd3 Rg6 23. Bd2 Ke7 24. Bc3 Rcg8 0-1


[Site "https://www.chess.com"]

[Event "Titled Tuesday Blitz March 07 Early 2023"]
[White "Vasques, Antonio Pedro Freixial"]
[Black "Ozer, Omer Faruk"]
[WhiteFideId "1908332"]
[BlackFideId "6354564"]
[WhiteElo "2212"]
[BlackElo "2260"]
[Result "0-1"]
[Round "02"]
[TimeControl "180+2"]
[Date "2023.03.07"]
[WhiteClock "0:00:14"]
[BlackClock "0:01:28"]

1. Nf3 d5 2. g3 c6 3. Bg2 Bg4 4. O-O Nd7 5. c4 e6 6. d4 Ngf6 7. Qb3 Qb6 8. c5 Qa6 9. Nc3 Be7 10. Re1 b6 11. cxb6 axb6 12. e4 O-O 13. Ne5 Nxe5 14. dxe5 Nd7 15. exd5 cxd5 16. Be3 Nc5 17. Qb5 Qxb5 18. Nxb5 Nd3 19. Rf1 Nxb2 20. Nd4 Nc4 21. Nc2 Bf5 22. Rfc1 Bxc2 23. Rxc2 Nxe3 24. fxe3 Bc5 25. Kf2 Ra3 26. Re1 Rfa8 27. Ree2 g5 28. g4 Kg7 29. h3 f6 30. exf6+ Kxf6 31. Bf3 Ke5 32. Kg3 Rxe3 33. Rxe3+ Bxe3 34. Be2 Ra3 35. Kg2 d4 36. Bf3 d3 0-1


[Site "https://www.chess.com"]

[Event "Titled Tuesday Blitz March 07 Early 2023"]
[White "Tarasova, Viktoriya"]
[Black "Sadubayev, Airat"]
[WhiteFideId "4175840"]
[BlackFideId "13713264"]
[WhiteElo "2182"]
[BlackElo "2129"]
[Result "1/2-1/2"]
[Round "02"]
[TimeControl "180+2"]
[Date "2023.03.07"]
[WhiteClock "0:00:17"]
[BlackClock "0:00:07"]

1. d4 d5 2. c4 c6 3. Nf3 Nf6 4. Nc3 e6 5. Bg5 h6 6. Bxf6 Qxf6 7. e3 g6 8. Bd3 Bg7 9. O-O O-O 10. e4 dxe4 11. Nxe4 Qe7 12. c5 b6 13. Rc1 bxc5 14. Nxc5 Nd7 15. Qa4 Nxc5 16. Rxc5 Bd7 17. Rfc1 Rfb8 18. b3 Be8 19. Ne5 Bxe5 20. dxe5 Rd8 21. Qc4 Qd7 22. Be2 Qd2 23. a4 Rd4 24. Qc2 Qf4 25. g3 Qg5 26. Bf3 Rad8 27. Kg2 Rd2 28. Qe4 Rb2 29. h4 Qd2 30. R1c2 Rxc2 31. Rxc2 Qd3 32. Qxd3 Rxd3 33. Bxc6 Bxc6+ 34. Rxc6 Rxb3 35. Ra6 Rb7 36. Kf3 Kf8 37. Ke3 Ke7 38. Ra5 Kd7 39. Ke4 Kc6 40. Kd4 Rb4+ 41. Kc3 Rb7 42. Kd4 Rb4+ 43. Kc3 Rb7 44. Kd4 1/2-1/2


[Site "https://www.chess.com"]

[Event "Titled Tuesday Blitz March 07 Early 2023"]
[White "Colas, Joshua"]
[Black "Goldin, Roman"]
[WhiteFideId "2044447"]
[BlackFideId "2803860"]
[WhiteElo "2347"]
[BlackElo "2312"]
[Result "1-0"]
[Round "02"]
[TimeControl "180+2"]
[Date "2023.03.07"]
[WhiteClock "0:01:55"]
[BlackClock "0:00:39"]

1. c4 e5 2. Nc3 Nf6 3. Nf3 Nc6 4. e4 Bb4 5. d3 O-O 6. a3 Bxc3+ 7. bxc3 d6 8. g3 Qe7 9. Bg2 Nd7 10. O-O h6 11. Nh4 Nc5 12. d4 exd4 13. cxd4 Nxd4 14. Qxd4 Nb3 15. Qc3 Nxa1 16. Qxa1 g5 17. Nf5 Bxf5 18. exf5 c6 19. Bb2 f6 20. Re1 Qd7 21. Bxf6 Rae8 22. Rxe8 Rxe8 23. g4 Qf7 24. h4 Re2 25. hxg5 Qxc4 26. Bh8 1-0


[Site "https://www.chess.com"]

[Event "Titled Tuesday Blitz March 07 Early 2023"]
[White "Kujawski, Adam"]
[Black "Melikyan, Gnel"]
[WhiteFideId "1100920"]
[BlackFideId "54109990"]
[WhiteElo "2054"]
[BlackElo "2138"]
[Result "0-1"]
[Round "02"]
[TimeControl "180+2"]
[Date "2023.03.07"]
[WhiteClock "0:00:03"]
[BlackClock "0:00:28"]

1. e4 Na6 2. Bxa6 bxa6 3. c4 g6 4. Nc3 Bg7 5. Nf3 Nf6 6. O-O O-O 7. d3 d6 8. h3 Rb8 9. Qc2 c5 10. b3 e5 11. Bd2 Nh5 12. Nd5 f5 13. Rab1 f4 14. b4 cxb4 15. Bxb4 Be6 16. Qa4 g5 17. Qxa6 g4 18. hxg4 Bxg4 19. Qxd6 Qe8 20. Nc7 Qa4 21. Ng5 Nf6 22. Nce6 Rb6 23. Qc5 Bxe6 24. Nxe6 Rxe6 25. Qc7 Rfe8 26. Bd6 Qd7 27. c5 Rc8 28. Qxd7 Nxd7 29. Rb7 Nxc5 30. Bxc5 Rxc5 31. Rxa7 h5 32. Rb1 Rg6 33. Rbb7 Rc1+ 34. Kh2 Rc2 35. Rb8+ Kh7 36. Kg1 h4 0-1


[Site "https://www.chess.com"]

[Event "Titled Tuesday Blitz March 07 Early 2023"]
[White "Rozhkov, Viacheslav"]
[Black "Di Nicolantonio, Lucas"]
[WhiteFideId "4181484"]
[BlackFideId "680460"]
[WhiteElo "2226"]
[BlackElo "2358"]
[Result "0-1"]
[Round "02"]
[TimeControl "180+2"]
[Date "2023.03.07"]
[WhiteClock "0:00:03"]
[BlackClock "0:01:02"]

1. e4 g6 2. Nf3 Bg7 3. d4 d6 4. Nc3 a6 5. Be3 b5 6. a3 Nd7 7. Be2 Bb7 8. Qd2 Rc8 9. h4 h5 10. Nd5 Bxd5 11. exd5 Ngf6 12. c4 O-O 13. O-O bxc4 14. Bxc4 Nb6 15. b3 Nfxd5 16. Bh6 e6 17. Bxg7 Kxg7 18. Bxa6 Rb8 19. Rfe1 Qf6 20. Bd3 Rfd8 21. a4 Nd7 22. Bc4 c5 23. a5 Nb4 24. dxc5 Nxc5 25. Rab1 d5 26. Bf1 Ne4 27. Qd4 Rdc8 28. Rec1 Nc3 29. Rb2 Ne2+ 30. Rxe2 Qxd4 31. Nxd4 Rxc1 32. Rd2 Ra1 33. g3 Rxa5 34. Kg2 Ra2 35. Rd1 Nc2 36. Nxc2 Rxc2 37. Rb1 Rb4 38. Bd3 Rc3 39. Bf1 Rbxb3 0-1


[Site "https://www.chess.com"]

[Event "Titled Tuesday Blitz March 07 Early 2023"]
[White "Kalashian, David"]
[Black "Alahakoon, Isuru"]
[WhiteFideId "13302418"]
[BlackFideId "9900993"]
[WhiteElo "2490"]
[BlackElo "1995"]
[Result "1-0"]
[Round "02"]
[TimeControl "180+2"]
[Date "2023.03.07"]
[WhiteClock "0:00:09"]
[BlackClock "0:00:15"]

1. d4 d5 2. Nf3 Bf5 3. c4 e6 4. Nc3 Nc6 5. e3 Nb4 6. g4 Bg6 7. Ne5 Nc2+ 8. Kd2 Nxa1 9. Bd3 Bxd3 10. Nxd3 dxc4 11. Ne5 Bd6 12. Nxc4 Nf6 13. Ke2 Nxg4 14. Rg1 Qh4 15. Qa4+ Kf8 16. Ne4 f5 17. h3 Qxh3 18. Ng5 Qh6 19. e4 Be7 20. Ne5 Bxg5 21. Qd7 Nxe5 22. dxe5 Bxc1 23. Qxc7 Qd2+ 24. Kf1 Qd3+ 25. Kg2 Qxe4+ 26. Kf1 Qd3+ 27. Kg2 Bf4 28. Qc5+ Kg8 29. Qe7 Qd5+ 30. Kf1 Rf8 31. Qxg7# 1-0


[Site "https://www.chess.com"]

[Event "Titled Tuesday Blitz March 07 Early 2023"]
[White "Sowa, Ryan"]
[Black "Saito, Vinicius"]
[WhiteFideId "30901693"]
[BlackFideId "2113384"]
[WhiteElo "2600"]
[BlackElo "2152"]
[Result "0-1"]
[Round "02"]
[TimeControl "180+2"]
[Date "2023.03.07"]
[WhiteClock "0:01:36"]
[BlackClock "0:01:31"]

1. Nf3 Nf6 2. b3 d5 3. Bb2 Bf5 4. e3 e6 5. Nh4 Bg6 6. Nxg6 hxg6 7. g3 a5 8. a3 c6 9. Bg2 Nbd7 10. O-O Bc5 11. d4 Bd6 12. Nd2 O-O 13. c4 Re8 14. e4 dxe4 15. Nxe4 Nxe4 16. Bxe4 Nf6 17. Bg2 Qc7 18. Qe2 c5 19. dxc5 Bxc5 20. Rfd1 Rad8 21. Rxd8 Rxd8 22. Rd1 Rxd1+ 23. Qxd1 b6 24. Qd2 Qd6 25. Qxd6 Bxd6 26. Bd4 Bc5 27. Bxc5 bxc5 28. Kf1 Kf8 29. Ke2 Ke7 30. Kd3 Kd6 31. Kc3 Ng4 32. b4 axb4+ 33. axb4 Nxf2 34. b5 Kc7 35. h3 Nd1+ 36. Kd2 Nb2 37. Kc3 Na4+ 38. Kd3 Nb6 39. Bc6 Kd6 40. h4 f6 41. Be8 g5 42. hxg5 fxg5 43. Bg6 Ke5 44. Be4 Kd6 45. Bf3 Ke5 46. Be2 Nd7 47. Bf3 Nb6 48. Be2 Nd7 49. Ke3 Nb6 50. Bd3 Nd7 51. Bf1 Nb6 52. Kf2 Ke4 53. Kg2 e5 54. Kh3 Ke3 55. Kg4 e4 56. Kxg5 Kf2 57. Bh3 e3 58. Bg4 e2 59. Bxe2 Kxe2 60. Kg6 Nxc4 61. Kxg7 Nb6 0-1


[Site "https://www.chess.com"]

[Event "Titled Tuesday Blitz March 07 Early 2023"]
[White "Sanchez, Robert"]
[Black "Czernek, Tymon"]
[WhiteFideId "2034360"]
[BlackFideId "1199510"]
[WhiteElo "2352"]
[BlackElo "2156"]
[Result "0-1"]
[Round "02"]
[TimeControl "180+2"]
[Date "2023.03.07"]
[WhiteClock "0:01:05"]
[BlackClock "0:01:28"]

1. e4 c5 2. Nf3 d6 3. d4 cxd4 4. Nxd4 Nf6 5. Nc3 a6 6. Be3 e5 7. Nb3 Be6 8. f3 Nbd7 9. Qd2 Qc7 10. g4 Be7 11. g5 Nh5 12. Nd5 Bxd5 13. exd5 f5 14. gxf6 Nhxf6 15. O-O-O Nb6 16. Bxb6 Qxb6 17. Kb1 Rc8 18. Bh3 Rc4 19. Be6 Nh5 20. Rhg1 g6 21. Qh6 Bf8 22. Qg5 Qd8 23. Bf7+ Kd7 24. Be6+ Kc7 25. Qd2 Kb8 26. c3 Nf4 27. Qe3 Bh6 28. Nd2 Rc5 29. Ne4 Rb5 30. c4 Rb4 31. Qc3 Rb6 32. Rge1 Qe7 33. c5 dxc5 34. Qxe5+ 0-1


[Site "https://www.chess.com"]

[Event "Titled Tuesday Blitz March 07 Early 2023"]
[White "Yaksin, Oleg"]
[Black "Prudnykova, Olga"]
[WhiteFideId "24105880"]
[BlackFideId "14121093"]
[WhiteElo "2289"]
[BlackElo "2113"]
[Result "1-0"]
[Round "02"]
[TimeControl "180+2"]
[Date "2023.03.07"]
[WhiteClock "0:01:12"]
[BlackClock "0:00:14"]

1. e4 c5 2. Nf3 Nf6 3. e5 Nd5 4. Nc3 e6 5. Ne4 f5 6. exf6 Nxf6 7. Ng3 Be7 8. d4 O-O 9. Bd3 d5 10. c3 Nc6 11. O-O Bd7 12. Re1 Bd6 13. Bg5 Ne7 14. Ne5 Be8 15. Ng4 Qd7 16. Nxf6+ gxf6 17. Bh6 Rf7 18. Qg4+ Kh8 19. Qxe6 cxd4 20. cxd4 Ng6 21. Nf5 Bf8 22. Qe3 Qc7 23. Rac1 Qb8 24. h4 Bxh6 25. Qxh6 Qf4 26. h5 Qxh6 27. Nxh6 Nf4 28. Nxf7+ Bxf7 29. Bf5 Bxh5 30. Rc7 Bg6 31. Bxg6 hxg6 32. Ree7 b6 33. Rh7+ Kg8 34. Rcg7+ Kf8 35. Rxa7 Rxa7 36. Rxa7 Ne2+ 37. Kf1 Nxd4 38. Rd7 Nb5 39. Rxd5 Nc7 40. Rd6 Ke7 41. Rxb6 1-0


[Site "https://www.chess.com"]

[Event "Titled Tuesday Blitz March 07 Early 2023"]
[White "Moksh Amit Doshi"]
[Black "Vaglio Munoz, Jaime"]
[WhiteFideId "25064967"]
[BlackFideId "6500145"]
[WhiteElo "2297"]
[BlackElo "2199"]
[Result "1-0"]
[Round "02"]
[TimeControl "180+2"]
[Date "2023.03.07"]
[WhiteClock "0:01:13"]
[BlackClock "0:00:02"]

1. d4 Nf6 2. c4 e6 3. Nc3 Bb4 4. Qc2 d6 5. Bd2 Nbd7 6. Nf3 O-O 7. a3 Bxc3 8. Bxc3 Re8 9. e3 e5 10. dxe5 dxe5 11. Be2 e4 12. Nd2 Nc5 13. O-O Bf5 14. b4 Nd3 15. Rad1 Qd6 16. Nxe4 Bxe4 17. Bxd3 Ng4 18. g3 Qh6 19. h4 Bf3 20. Be2 Nxe3 21. fxe3 Qxe3+ 22. Rf2 Bxe2 23. Re1 Qxg3+ 24. Rg2 Qe3+ 25. Kh2 Qf4+ 26. Kg1 Bg4 27. Rf1 Qxc4 28. Qc1 h5 29. Rf4 Qe6 30. Rg3 Rad8 31. Bd4 Qe1+ 32. Qxe1 Rxe1+ 33. Kf2 Re2+ 34. Kf1 Ra2 35. Re3 b6 36. Re7 Rxd4 37. Rxd4 Rxa3 38. Rd8+ Kh7 39. Rxf7 1-0


[Site "https://www.chess.com"]

[Event "Titled Tuesday Blitz March 07 Early 2023"]
[White "Rostomyan, Mikayel"]
[Black "Djokovic, Nebojsa"]
[WhiteFideId "13313754"]
[BlackFideId "938300"]
[WhiteElo "2009"]
[BlackElo "2576"]
[Result "0-1"]
[Round "02"]
[TimeControl "180+2"]
[Date "2023.03.07"]
[WhiteClock "0:00:08"]
[BlackClock "0:00:42"]

1. e4 e6 2. d4 d5 3. e5 c5 4. c3 Nc6 5. Nf3 Nge7 6. Be2 cxd4 7. cxd4 Nf5 8. O-O Qb6 9. Be3 Qxb2 10. Nbd2 Nxe3 11. fxe3 Qc3 12. e4 Qe3+ 13. Kh1 dxe4 14. Nc4 Qh6 15. Nfd2 Be7 16. Nxe4 O-O 17. Ncd6 Bxd6 18. Nxd6 Qe3 19. Nb5 a6 20. Rf3 Qe4 21. Bd3 Qg4 22. Nd6 Qxd4 23. Bxh7+ Kxh7 24. Rh3+ Kg8 25. Qh5 Qxa1+ 0-1


[Site "https://www.chess.com"]

[Event "Titled Tuesday Blitz March 07 Early 2023"]
[White "Shapiro, Viktor"]
[Black "Fernandez Siles, Luis"]
[WhiteFideId "4175700"]
[BlackFideId "2209420"]
[WhiteElo "2152"]
[BlackElo "2186"]
[Result "1-0"]
[Round "02"]
[TimeControl "180+2"]
[Date "2023.03.07"]
[WhiteClock "0:01:08"]
[BlackClock "0:00:05"]

1. c4 Nf6 2. Nc3 g6 3. g3 Bg7 4. Bg2 O-O 5. e3 d6 6. Nge2 c5 7. d4 Nc6 8. h3 e5 9. O-O Nd7 10. d5 Na5 11. b3 a6 12. Bd2 Rb8 13. a4 b6 14. Qc2 f5 15. e4 Nf6 16. Rae1 Nb7 17. f4 Nh5 18. exf5 Bxf5 19. Ne4 Nf6 20. g4 Bxe4 21. Bxe4 Nxe4 22. Qxe4 Qh4 23. Kg2 Rbe8 24. Ng1 exf4 25. Qxe8 Qg3+ 26. Kh1 Rxe8 27. Rxe8+ Kf7 28. Bxf4 Qxb3 29. Rb8 Qxc4 30. Rxb7+ Kg8 31. Rb8+ Kf7 32. Kg2 Qxd5+ 33. Kg3 Be5 34. Bxe5+ Ke6 35. Bf4 Qc4 36. Re1+ Kd5 37. Rbe8 Qc3+ 38. Nf3 h6 39. Rd8 Kc4 40. Rxd6 g5 41. Re4+ 1-0


[Site "https://www.chess.com"]

[Event "Titled Tuesday Blitz March 07 Early 2023"]
[White "Saravana, Krishnan P."]
[Black "Seletsky, Grigory"]
[WhiteFideId "5018382"]
[BlackFideId "14112191"]
[WhiteElo "2189"]
[BlackElo "2490"]
[Result "1-0"]
[Round "02"]
[TimeControl "180+2"]
[Date "2023.03.07"]
[WhiteClock "0:00:09"]
[BlackClock "0:00:07"]

1. e4 c6 2. d4 d5 3. exd5 cxd5 4. c4 Nf6 5. Nc3 Nc6 6. Bg5 dxc4 7. d5 Ne5 8. Qd4 Nd3+ 9. Bxd3 cxd3 10. Nf3 g6 11. Bxf6 exf6 12. O-O-O Bg7 13. Rhe1+ Kf8 14. Rxd3 Bf5 15. Ne4 h5 16. Kb1 Kg8 17. Ka1 Bxe4 18. Qxe4 f5 19. Qb4 a5 20. Qb5 Qd6 21. Ng5 Bf6 22. Nxf7 Kxf7 23. Qxb7+ Be7 24. Rde3 Rae8 25. a3 Rhf8 26. Re6 Qc5 27. d6 Kg7 28. dxe7 Rf7 29. Qd7 Rexe7 30. Rxe7 Rxe7 31. Qxe7+ Kh6 32. Qxc5 1-0


[Site "https://www.chess.com"]

[Event "Titled Tuesday Blitz March 07 Early 2023"]
[White "Kostiukov, Alexandr"]
[Black "Kopczynski, Michal"]
[WhiteFideId "14108100"]
[BlackFideId "1124200"]
[WhiteElo "2202"]
[BlackElo "2212"]
[Result "0-1"]
[Round "02"]
[TimeControl "180+2"]
[Date "2023.03.07"]
[WhiteClock "0:00:05"]
[BlackClock "0:00:11"]

1. g3 d6 2. c4 e5 3. Bg2 f5 4. Nc3 Nf6 5. Nf3 g6 6. O-O Bg7 7. d4 e4 8. Ng5 O-O 9. f3 h6 10. Nh3 exf3 11. exf3 Nc6 12. f4 Ng4 13. d5 Na5 14. Qd3 Qf6 15. Ne2 b6 16. Rb1 Nb7 17. b4 Re8 18. Bb2 Qe7 19. Nd4 Qe3+ 20. Qxe3 Nxe3 21. Rfe1 Bd7 22. Nc6 Bxb2 23. Rxb2 Nxc4 24. Rbe2 a5 25. bxa5 Nbxa5 26. Nd4 Rxe2 27. Rxe2 Re8 28. Kf2 Nb7 29. Kf1 Nc5 30. Kf2 Nd3+ 31. Kf3 Ne1+ 32. Kf2 Nxg2 33. Kxg2 Rxe2+ 34. Nxe2 Ne3+ 35. Kf3 Nxd5 36. Nf2 Nb4 37. a3 Bc6+ 38. Ke3 Nc2+ 39. Kd3 Nxa3 40. Nd4 Bb7 41. g4 Kf7 42. gxf5 gxf5 43. Nxf5 Kg6 44. Nd4 Ba6+ 45. Ke3 Nb5 46. Ne6 c5 47. Ne4 d5 48. Ng3 d4+ 49. Ke4 Bb7+ 50. Ke5 Na3 51. f5+ Kf7 52. f6 Nc4+ 53. Kf5 Bc8 54. Ne4 Bxe6+ 55. Kf4 d3 56. Kf3 d2 57. Ke2 Bd5 58. Nxd2 Nxd2 59. Kxd2 Kxf6 60. h3 Ke5 0-1


[Site "https://www.chess.com"]

[Event "Titled Tuesday Blitz March 07 Early 2023"]
[White "Matveeva, Olga"]
[Black "Hirneise, Jens"]
[WhiteFideId "24107018"]
[BlackFideId "24614734"]
[WhiteElo "2056"]
[BlackElo "2345"]
[Result "1-0"]
[Round "02"]
[TimeControl "180+2"]
[Date "2023.03.07"]
[WhiteClock "0:00:09"]
[BlackClock "0:00:26"]

1. d4 d6 2. Nf3 Nd7 3. g3 c5 4. d5 g6 5. Bg2 Bg7 6. O-O Ngf6 7. c4 b5 8. cxb5 a6 9. bxa6 Bxa6 10. Nc3 Qb6 11. Rb1 h5 12. h3 Rb8 13. b3 h4 14. g4 Nxg4 15. Na4 Qb5 16. hxg4 h3 17. Bh1 Qxe2 18. Qxe2 Bxe2 19. Re1 Bxf3 20. Bxf3 Ne5 21. Be2 c4 22. Bf4 Kd7 23. bxc4 Kc7 24. c5 Ra8 25. cxd6+ exd6 26. Rec1+ Kd8 27. Nb6 Rb8 28. a4 Nd7 29. a5 Nxb6 30. Rxb6 Ra8 31. a6 Bd4 32. Rxd6+ Ke7 33. Rc7+ Kf8 34. Rdd7 Rh7 35. Kh2 g5 36. Bd6+ Kg8 37. a7 Rh6 38. Rb7 Rxa7 39. Rxa7 Bxa7 40. Rxa7 Rxd6 41. Bf3 Kg7 42. Kxh3 Kf6 43. Kg3 Rb6 44. Rc7 Kg7 45. Rc6 Rb3 46. d6 Rd3 47. Kg2 Kf6 48. Be4 Rd4 49. d7+ Ke7 50. Bf5 Rd2 51. Rc8 Rxd7 52. Bxd7 Kxd7 53. Rc5 f6 54. Kf3 Ke6 55. Ke4 1-0


[Site "https://www.chess.com"]

[Event "Titled Tuesday Blitz March 07 Early 2023"]
[White "Sokac, Marko"]
[Black "Vlasak, Lukas"]
[WhiteFideId "14531356"]
[BlackFideId "324752"]
[WhiteElo "2355"]
[BlackElo "2345"]
[Result "1-0"]
[Round "02"]
[TimeControl "180+2"]
[Date "2023.03.07"]
[WhiteClock "0:00:05"]
[BlackClock "0:00:02"]

1. e4 c5 2. a3 Nc6 3. b4 cxb4 4. axb4 Nxb4 5. d4 d5 6. c3 Nc6 7. exd5 Qxd5 8. Na3 Nf6 9. Nb5 Qd8 10. d5 Ne5 11. Bf4 Nfd7 12. Nf3 f6 13. Qd4 Kf7 14. Nxe5+ Nxe5 15. Bxe5 fxe5 16. Qxe5 Bd7 17. Nd4 Rc8 18. c4 Qb6 19. Be2 Qb4+ 20. Kf1 Qc3 21. Rd1 g6 22. Qf4+ Ke8 23. Ne6 Qf6 24. Qe3 Bg7 25. h4 Bxe6 26. dxe6 Kf8 27. Rh3 Qe5 28. Rf3+ Ke8 29. Qxe5 Bxe5 30. Rf7 Bf6 31. Rd7 Rb8 32. Bf3 Rf8 33. Rxf8+ Kxf8 34. Rxb7 Rxb7 35. Bxb7 Bd4 36. Ke2 Bc5 37. f3 Kg7 38. Kd3 Kf6 39. Bc8 Ke5 40. Kc3 Kf4 41. Bb7 Kg3 42. Kd3 1-0


[Site "https://www.chess.com"]

[Event "Titled Tuesday Blitz March 07 Early 2023"]
[White "Gallegos Diaz, Carlos Alberto"]
[Black "Degenbaev, Aziz"]
[WhiteFideId "3900886"]
[BlackFideId "13802640"]
[WhiteElo "2362"]
[BlackElo "2152"]
[Result "1-0"]
[Round "02"]
[TimeControl "180+2"]
[Date "2023.03.07"]
[WhiteClock "0:00:53"]
[BlackClock "0:00:53"]

1. e4 c5 2. Nf3 d6 3. d3 g6 4. Nbd2 Bg7 5. Be2 Nc6 6. h3 Nf6 7. c3 O-O 8. O-O a6 9. Re1 b5 10. d4 cxd4 11. cxd4 Bb7 12. d5 Nb8 13. Bf1 Nbd7 14. Nb3 Rc8 15. Bd2 Nc5 16. Nxc5 Rxc5 17. a4 Nd7 18. axb5 axb5 19. b4 Bxa1 20. Qxa1 Qa8 21. bxc5 1-0


[Site "https://www.chess.com"]

[Event "Titled Tuesday Blitz March 07 Early 2023"]
[White "Kuzmin, Roman"]
[Black "Vifleemskaia, Svetlana"]
[WhiteFideId "44134932"]
[BlackFideId "4129490"]
[WhiteElo "2146"]
[BlackElo "1930"]
[Result "1/2-1/2"]
[Round "02"]
[TimeControl "180+2"]
[Date "2023.03.07"]
[WhiteClock "0:00:15"]
[BlackClock "0:00:07"]

1. e4 e5 2. Nf3 Nc6 3. Bb5 a6 4. Ba4 Nf6 5. O-O Be7 6. Re1 b5 7. Bb3 d6 8. c3 O-O 9. h3 Nd7 10. d4 Bf6 11. a4 Na5 12. axb5 axb5 13. Ba2 Nc4 14. Nbd2 Nxd2 15. Bxd2 Nb6 16. dxe5 dxe5 17. Be3 Qxd1 18. Rexd1 Nc4 19. Bxc4 Rxa1 20. Bxf7+ Kxf7 21. Rxa1 Ke6 22. Kf1 Rd8 23. Ke2 Bb7 24. Nd2 Be7 25. Ra7 Rb8 26. f3 Bd6 27. Nb3 Bc6 28. Bc5 Ra8 29. Rxa8 Bxa8 30. Kd3 g5 31. c4 Bc6 32. Bxd6 cxd6 33. Nc1 h5 34. g4 hxg4 35. hxg4 bxc4+ 36. Kxc4 d5+ 37. Kd3 dxe4+ 38. fxe4 Bb5+ 39. Ke3 Kd6 40. Nb3 Bc4 41. Nd2 Bb5 42. Nf3 Bd7 43. Nh2 Kc5 44. Nf3 Bxg4 45. Nxg5 Bh5 46. Nf3 Kd6 47. Nd2 Bf7 48. b4 Kc6 49. Nf3 Kd6 50. Kf2 Bc4 51. Nd2 Bd3 52. Kf3 Bc2 53. Kg4 Kc6 54. Kf5 Kb5 55. Kxe5 Kxb4 56. Kd4 Kb5 57. e5 Bf5 58. Nf3 Kc6 59. Nh4 Be6 60. Ke3 Kd7 61. Kf4 Ke7 62. Kg5 Kf7 63. Nf3 Ke7 64. Kg6 Bd7 65. Ng5 Be6 66. Kg7 Bd7 67. Kg6 Be6 68. Kh5 Bd7 69. Kh4 Be6 70. Kg3 Bd7 71. Kf4 Be6 72. Ne4 Bd7 73. Nd2 Be6 74. Nf1 Bd7 75. Ne3 Be6 76. Nf5+ Bxf5 77. Kxf5 Kf7 78. e6+ Ke7 79. Ke5 Ke8 80. Kd5 Ke7 81. Ke5 Ke8 82. Kf6 Kf8 83. e7+ Ke8 84. Ke6 1/2-1/2


[Site "https://www.chess.com"]

[Event "Titled Tuesday Blitz March 07 Early 2023"]
[White "Harriott, Tyrell"]
[Black "Kalajzic, Ivan"]
[WhiteFideId "2086484"]
[BlackFideId "14506378"]
[WhiteElo "2107"]
[BlackElo "2203"]
[Result "1-0"]
[Round "02"]
[TimeControl "180+2"]
[Date "2023.03.07"]
[WhiteClock "0:00:11"]
[BlackClock "0:00:05"]

1. d4 Nc6 2. e3 e5 3. f4 exf4 4. exf4 Nf6 5. Nf3 d5 6. Bd3 Bg4 7. c3 Bd6 8. O-O O-O 9. Qe1 Bxf3 10. Rxf3 Re8 11. Qh4 Ne4 12. Qh5 Nf6 13. Qh4 Ne7 14. Bxh7+ Nxh7 15. Rh3 Ng6 16. Qxh7+ Kf8 17. f5 Qf6 18. Rf3 Re1+ 19. Kf2 Rxc1 20. fxg6 Bf4 21. g3 Qe6 22. Rxf4 Qe1+ 23. Kf3 Qd1+ 24. Kg2 Qh1+ 25. Kh3 f6 26. Qh8+ Ke7 27. Qxg7+ Ke8 28. Qg8+ Kd7 29. Qf7+ Kc6 30. Rxf6+ Kb5 31. Na3+ Ka4 32. Rxc1 Qxc1 33. Rf1 Rh8+ 34. Kg2 Qd2+ 35. Rf2 Qd1 36. Qf3 Qc1 37. Nc2 Re8 38. Ne3 Rxe3 39. Qf4 Rxg3+ 40. hxg3 Qd1 41. Qf3 Qb1 42. Qg4 Qd3 43. g7 b5 44. g8=Q c6 45. Q8g6 a5 46. Qxd3 b4 47. b3+ Ka3 48. Qd2 c5 49. Qc1# 1-0


[Site "https://www.chess.com"]